[Event "3rd Gujarat GM Open 2022"]
[Site "Ahmedabad"]
[Date "2022.04.07"]
[Round "10.5"]
[White "Savchenko, Boris"]
[Black "Mehar, Chinna Reddy C.H."]
[Result "0-1"]
[ECO "B53"]
[WhiteElo "2535"]
[BlackElo "2422"]
[Annotator "TA"]
[PlyCount "116"]
[EventDate "2022.03.31"]
[EventType "swiss"]
[EventCountry "IND"]
[SourceTitle "playchess.com"]
[Source "ChessBase"]
[SourceQuality "1"]
[TimeControl "5400+30"]

1. e4 c5 2. Nf3 d6 3. d4 cxd4 4. Qxd4 Nc6 5. Bb5 Bd7 6. Bxc6 Bxc6 7. Nc3 Nf6 8. Bg5 e6 9. O-O-O Be7 10. Qd3 Qa5 11. h4 Qa6 12. Qxa6 bxa6 13. Nd4 Bb7 14. f3 Nd7 15. Nb3 Rd8 16. Rd4 Nb6 17. Rhd1 h6 18. Bxe7 Kxe7 19. Na5 Ba8 20. Nc4 e5 21. Nxb6 axb6 22. Rb4 Rb8 23. b3 Rhc8 24. Kb2 Ke6 25. a4 Rc5 26. Rd3 Bc6 27. Rc4 Rxc4 28. bxc4 g6 29. Ka3 Rc8 30. Rd1 Bb7 31. Kb4 f5 32. Rb1 Ba8 33. Rd1 h5 34. g3 Bb7 35. Rb1 Ba8 36. Ra1 Bb7 37. a5 bxa5+ 38. Rxa5 Rb8 39. Ka3 Rf8 40. Kb4 f4 41. gxf4 Rxf4 42. Ra1 $1 Rxf3 43. Nd5 Rg3 44. Ka5 Rg4 45. Kb6 Bxd5 46. cxd5+ Ke7 47. c4 $2 (47. Rxa6 $11 {and White stays safe.} Rxh4 48. Ra7+ Kf6 49. Rd7) 47... Rxe4 $19 48. c5 dxc5 $1 49. Kc6 Rd4 $1 ({Not} 49... Rxh4 50. d6+ Ke6 51. Rd1 $11) 50. Re1 $2 {[%emt 0:00:27] [#]} (50. Kxc5 Rxh4 51. Rxa6) 50... c4 $1 $19 51. Re3 a5 52. Rxe5+ Kf6 53. Re2 c3 54. d6 {[%emt 0:01:02] [#]} Rd2 $1 55. Re3 c2 56. Rc3 Ke6 (56... a4 $142 57. Kd7 a3 58. Rf3+ Kg7 59. Rf1 Rd1 60. Rf4 c1=Q 61. Ra4 Qc5 62. Ra6 Qb5+ 63. Ke7 Qxa6 64. Kd7 Qb7+ 65. Ke8 Qc8+ 66. Ke7 Re1#) 57. Re3+ Kf6 58. Rc3 a4 0-1

[Event "3rd Gujarat GM Open 2022"]
[Site "Ahmedabad"]
[Date "2022.04.07"]
[Round "10.6"]
[White "Sammed Jaykumar, Shete"]
[Black "Harsha Bharathakoti"]
[Result "1/2-1/2"]
[ECO "C56"]
[WhiteElo "2408"]
[BlackElo "2499"]
[Annotator "TA"]
[PlyCount "106"]
[EventDate "2022.03.31"]
[EventType "swiss"]
[EventCountry "IND"]
[SourceTitle "playchess.com"]
[Source "ChessBase"]
[SourceQuality "1"]
[TimeControl "5400+30"]

1. e4 e5 2. Nf3 Nc6 3. d4 exd4 4. Bc4 Nf6 5. e5 Ne4 6. O-O Be7 7. Bd5 Nc5 8. Nxd4 O-O 9. Re1 Nxd4 10. Qxd4 c6 11. Bf3 Ne6 12. Qd3 d5 13. exd6 Bxd6 14. Be3 Qc7 15. g3 Rd8 16. Qe2 Re8 17. Qf1 f5 18. Nc3 f4 19. Bd2 Rf8 20. Ne4 fxg3 21. fxg3 Be5 22. c3 Qb6+ 23. Kg2 Qxb2 24. Qc4 Kh8 25. Rab1 Qa3 26. Nf2 Qd6 27. Rbd1 Qc7 28. Nd3 Rxf3 29. Kxf3 Qf7+ 30. Kg2 Nf4+ 31. Bxf4 Qxc4 32. Nxe5 Qxa2+ 33. Rd2 {[%emt 0:02:36] [#]} Qg8 $1 (33... Qa5 $2 {[#]} 34. Rd8+ $3 (34. Nc4 Bh3+ 35. Kxh3 Qxc3 $16) 34... Qxd8 35. Nf7+ Kg8 36. Nxd8 Bh3+ 37. Kxh3 $18) 34. Nf7+ Qxf7 35. Rd8+ Qg8 $1 36. Rxg8+ Kxg8 37. Re7 b5 (37... h6 $17 38. Be5 g5 39. Rg7+ Kf8) 38. Be5 $15 Bf5 39. Rxg7+ Kf8 40. Rc7 a5 41. Kf3 a4 (41... Ke8 $5 42. Rg7 Ra6 $15) 42. Bd6+ Kg8 43. Ba3 (43. Kf4 $11 {keeps the balance.}) 43... Re8 44. Kf4 Be4 45. h4 Bd5 46. h5 h6 47. g4 Re4+ 48. Kf5 Re3 49. Kf6 Re6+ 50. Kf5 Re3 51. Kg6 Re6+ 52. Kf5 Re3 53. Kg6 Re6+ 1/2-1/2

[Event "3rd Gujarat GM Open 2022"]
[Site "Ahmedabad"]
[Date "2022.04.07"]
[Round "10.7"]
[White "Venkatesh, M.R."]
[Black "Shahil Dey"]
[Result "1-0"]
[ECO "B90"]
[WhiteElo "2493"]
[BlackElo "2400"]
[Annotator "TA"]
[PlyCount "123"]
[EventDate "2022.03.31"]
[EventType "swiss"]
[EventCountry "IND"]
[SourceTitle "playchess.com"]
[Source "ChessBase"]
[SourceQuality "1"]
[TimeControl "5400+30"]

1. e4 c5 2. Nf3 d6 3. d4 cxd4 4. Nxd4 Nf6 5. Nc3 a6 6. h3 e5 7. Nb3 Be6 8. Be3 Be7 9. Qf3 O-O 10. g4 b5 11. g5 Nfd7 12. h4 Nb6 13. Nd5 Nc4 14. Bh3 a5 15. Nd2 Nxe3 16. fxe3 Nd7 17. Ke2 Kh8 18. Rag1 Rc8 19. c3 Nb6 20. Qg2 b4 21. g6 Bxh3 22. Rxh3 Nxd5 23. gxh7 Nxc3+ 24. bxc3 g6 25. h5 g5 26. c4 Qd7 27. Qf3 Qe6 28. Qf5 a4 29. Rb1 Rb8 30. Rhh1 Qh6 31. Kd3 Qxh7 32. Rhf1 Rb7 33. Rb2 Kg7 34. Rg1 Qxf5 35. exf5 Rd8 36. Ke4 Rc7 37. Rg2 f6 38. h6+ Kxh6 39. Kd5 Rb8 40. Ne4 Kg7 41. Rh2 b3 42. Rh1 Rh8 43. Rxh8 Kxh8 44. axb3 axb3 45. Rxb3 Kg7 46. Ke6 Bf8 47. Rb8 g4 (47... Rxc4 48. Nxf6 Rc7 49. Ne8+ Kh6 50. Nxc7 Kh5 51. Rxf8 Kg4 52. Kxd6) 48. Rb1 ({Inferior is} 48. Nxf6 Re7+ 49. Kd5 Kxf6 $11) 48... d5 $2 (48... Rxc4 $2 49. Nxf6 Rc7 50. Ne8+ Kh6 51. Nxc7 $18) (48... Re7+ 49. Kd5 Ra7) 49. Kxd5 $18 ({Wrong is} 49. cxd5 $2 Re7+ 50. Kd6 Rb7+ 51. Kc6 Rxb1 $19) 49... Rd7+ 50. Ke6 Re7+ 51. Kd5 Rd7+ {[%emt 0:00:09] [#]} 52. Kc6 $1 ({Less strong is} 52. Ke6 Re7+ 53. Kd5 Rd7+ $18) 52... Rd3 53. Re1 Kf7 (53... Bb4 $2 54. Rg1 $18) 54. c5 Bh6 55. Rg1 Rxe3 (55... Bxe3 $142 56. Rxg4 Rd1) 56. Rxg4 $18 Bf8 57. Kd7 $2 (57. Rh4 $18 {is more deadly.} Re1 58. Rh7+ Bg7 59. Nd6+ Kg8 60. Rh4) 57... Rxe4 $16 58. Rxe4 Bxc5 59. Rh4 Kg7 $2 (59... Bf8 $16 60. Rh7+ Kg8) 60. Ke6 Be3 61. Rg4+ Bg5 {[%emt 0:00:03] [#]} 62. Rxg5+ $1 1-0

[Event "3rd Gujarat GM Open 2022"]
[Site "Ahmedabad"]
[Date "2022.04.07"]
[Round "10.8"]
[White "Ratnakaran, K.."]
[Black "Laxman, R.R."]
[Result "1/2-1/2"]
[ECO "C77"]
[WhiteElo "2316"]
[BlackElo "2429"]
[Annotator "RC"]
[PlyCount "119"]
[EventDate "2022.03.31"]
[EventType "swiss"]
[EventCountry "IND"]
[SourceTitle "playchess.com"]
[Source "ChessBase"]
[SourceQuality "1"]
[TimeControl "5400+30"]

1. e4 e5 2. Nf3 Nc6 3. Bb5 a6 4. Ba4 Nf6 5. Qe2 Bd6 6. c3 O-O 7. d3 Re8 8. g4 Nxg4 9. Rg1 Nf6 10. Bg5 Be7 11. Bxc6 dxc6 12. Nbd2 Nh5 13. Be3 Nf4 14. Bxf4 exf4 15. O-O-O c5 16. d4 cxd4 17. cxd4 c5 18. d5 Bf8 19. e5 Bf5 20. Qc4 Bg6 21. d6 Qd7 22. Rxg6 hxg6 23. Qxf4 Qf5 24. Qg3 g5 25. h3 c4 26. Nf1 Qf4+ 27. Ne3 Rad8 28. Qg2 Rxe5 29. Nxe5 Qxe5 30. d7 Bc5 31. Qxb7 Bxe3+ 32. fxe3 Qxe3+ 33. Kc2 Qxh3 34. Qxa6 Qf5+ 35. Kc3 Qf3+ 36. Kc2 Qe4+ 37. Kc3 Qe5+ 38. Kc2 Qc7 39. Qb5 g4 40. Qh5 Qf4 41. Rh1 Qh6 42. Qd5 Qg6+ 43. Kc1 g3 44. Qe5 Qc6 45. Qh5 Qh6+ 46. Qxh6 gxh6 47. Rg1 Rxd7 48. Rxg3+ Kh7 49. Rc3 Rd4 50. a4 h5 51. a5 Kg6 52. a6 h4 53. a7 Rd8 54. Rxc4 Kg5 55. Rc3 Kg6 56. Rc4 Kg5 57. Rc7 Kg6 58. Rc4 Kg5 59. Rc7 f5 60. b4 1/2-1/2

[Event "3rd Gujarat GM Open 2022"]
[Site "Ahmedabad"]
[Date "2022.04.07"]
[Round "10.9"]
[White "Chanda, Sandipan"]
[Black "Jain Kashish Manoj"]
[Result "1-0"]
[ECO "E94"]
[WhiteElo "2485"]
[BlackElo "2162"]
[Annotator "TA"]
[PlyCount "101"]
[EventDate "2022.03.31"]
[EventType "swiss"]
[EventCountry "IND"]
[SourceTitle "playchess.com"]
[Source "ChessBase"]
[SourceQuality "1"]
[TimeControl "5400+30"]

1. d4 Nf6 2. c4 g6 3. Nc3 Bg7 4. e4 d6 5. Be2 O-O 6. Bg5 Na6 7. Nf3 e5 8. O-O h6 9. Be3 Qe8 10. d5 Ng4 11. Bd2 f5 12. Nh4 Nf6 13. exf5 gxf5 14. Qc1 Kh7 15. Qc2 Ng8 16. Rae1 Ne7 17. g4 Kh8 18. f4 fxg4 19. fxe5 Rxf1+ 20. Rxf1 Qh5 21. exd6 cxd6 22. Be1 Bd7 23. Ne4 Nf5 24. Nxf5 Bxf5 25. Bc3 Rg8 26. Bd3 Bxe4 27. Bxg7+ Rxg7 28. Rf8+ Rg8 29. Qc3+ Qe5 30. Qxe5+ dxe5 31. Rxg8+ Kxg8 32. Bxe4 Kf7 33. Bf5 Ke7 34. Bxg4 b5 (34... Kd6 $16 35. Be2 b5) 35. cxb5 $18 Nb4 $2 {[%emt 0:00:15] [#]} (35... Nc5 {might work better.} 36. Bd1 Kd6) 36. a4 $1 $18 Nxd5 37. Bf3 Nc7 (37... Nb4 $142 38. Be4 Ke8) 38. Kf2 $18 Kd6 (38... Ne8 $142 39. a5 Nd6) 39. b4 $18 Ne6 40. Ke3 Nd4 41. Be4 Ne6 42. Kd3 Ng5 43. a5 Kc7 44. Bd5 Nh3 (44... Nh7 $142 45. Kc3 Ng5) 45. Ke4 $18 Nf2+ 46. Kxe5 Nd3+ 47. Kd4 Nxb4 48. Bb3 Kd6 49. a6 h5 50. h4 Kc7 51. Ke4 (51. Kc4 $142 Nxa6 52. bxa6 Kc6 53. Kd4 Kd6 54. Bc4 Ke7 55. Ke5 Ke8 56. Kf6) 1-0

[Event "3rd Gujarat GM Open 2022"]
[Site "Ahmedabad"]
[Date "2022.04.07"]
[Round "10.10"]
[White "Raahul V S"]
[Black "Ayush Sharma"]
[Result "1-0"]
[ECO "E43"]
[WhiteElo "2478"]
[BlackElo "2302"]
[Annotator "TA"]
[PlyCount "97"]
[EventDate "2022.03.31"]
[EventType "swiss"]
[EventCountry "IND"]
[SourceTitle "playchess.com"]
[Source "ChessBase"]
[SourceQuality "1"]
[TimeControl "5400+30"]

1. d4 Nf6 2. c4 e6 3. Nc3 Bb4 4. e3 O-O 5. Bd2 b6 6. Nf3 Bb7 7. Bd3 c5 8. O-O d5 9. cxd5 exd5 10. Rc1 Ne4 11. Be1 Nd7 12. dxc5 bxc5 13. Qc2 Ndf6 14. Na4 Rc8 15. Nd2 Nxd2 16. Bxd2 d4 17. Rfd1 Re8 18. Bf5 Be4 19. Bxe4 Nxe4 20. Bxb4 cxb4 21. Qxc8 Qxc8 22. Rxc8 Rxc8 23. f3 Nf6 24. Rxd4 a5 25. Kf2 Rc2+ 26. Ke1 h5 27. Rd2 Rc1+ 28. Ke2 h4 29. b3 g5 30. h3 Kg7 31. Nb2 Nh5 {[%emt 0:00:02] [#]} (31... Rc3 $16 {is a better defense.}) 32. Kd3 $1 $18 Ng3 (32... Rc3+ $142 33. Kd4 Ng3) 33. Rc2 $18 Ra1 34. Nc4 Rd1+ 35. Rd2 Rc1 36. e4 ({Weaker is} 36. Nxa5 Rc3+ 37. Kd4 Nf5+ 38. Kd5 Nxe3+ 39. Kd6 Nf5+ 40. Kd7 Rc5 $16) 36... Nh5 37. Kd4 ({Less strong is} 37. Nxa5 Nf4+ 38. Kd4 Rg1 $16) 37... Nf4 38. Kc5 f5 39. exf5 Rg1 40. Ne3 Re1 41. Ng4 Rg1 (41... Re2 $142 42. f6+ Kf7 43. Rd7+ Kg8 44. Nh6+ Kh8) 42. Rd7+ Kf8 43. f6 Re1 44. Nh6 Re6 45. Rd8+ Re8 46. Rd6 Nxg2 47. f7 Rc8+ 48. Kb6 Nf4 (48... Kg7 $142 49. Nf5+ (49. Kxa5 Nf4 $16) 49... Kxf7) 49. Kb7 1-0

[Event "3rd Gujarat GM Open 2022"]
[Site "Ahmedabad"]
[Date "2022.04.07"]
[Round "10.11"]
[White "Sidhant, Mohapatra"]
[Black "Mirzoev, Azer"]
[Result "1/2-1/2"]
[ECO "C67"]
[WhiteElo "2359"]
[BlackElo "2468"]
[Annotator "TA"]
[PlyCount "61"]
[EventDate "2022.03.31"]
[EventType "swiss"]
[EventCountry "IND"]
[SourceTitle "playchess.com"]
[Source "ChessBase"]
[SourceQuality "1"]
[TimeControl "5400+30"]

1. e4 e5 2. Nf3 Nc6 3. Bb5 Nf6 4. O-O Nxe4 5. Re1 Nd6 6. Nxe5 Be7 7. Bf1 Nxe5 8. Rxe5 O-O 9. d4 Bf6 10. Re1 Re8 {[%emt 0:00:30] C67: Ruy Lopez: Berlin Defence: 4 0-0 Nxe4.} 11. Rxe8+ Nxe8 {[%emt 0:00:30] The position is equal.} 12. c3 d5 13. Nd2 c6 {[%emt 0:00:30] [#]} 14. h3 $146 ({Predecessor:} 14. Nf3 Bg4 15. Be2 Nd6 16. Bf4 Nc4 17. Qc2 Qd7 18. Bxc4 dxc4 19. Ne5 Bxe5 20. Bxe5 {½-½ (76) Murzin,V (2519)-Hovhannisyan,R (2643) Warsaw 2021}) 14... Nd6 15. Bd3 Bf5 16. Bxf5 Nxf5 17. Nf3 Qb6 18. Qc2 g6 19. Bf4 Re8 20. Re1 Rxe1+ 21. Nxe1 Qd8 22. Qe2 Qe7 23. Qxe7 Bxe7 $11 {[%emt 0:00:30][%mdl 4096] Endgame KBN-KBN} 24. Nd3 Bd6 25. Bxd6 Nxd6 {[%emt 0:00:30] KN-KN} 26. Kf1 f6 27. Ke2 Kf7 28. f3 Ke7 29. g4 b6 30. b3 a5 31. h4 {[%emt 0:00:30] An uneventful encounter.  Weighted Error Value: White=0.03 (flawless) /Black=0.02 (flawless)} 1/2-1/2

[Event "3rd Gujarat GM Open 2022"]
[Site "Ahmedabad"]
[Date "2022.04.07"]
[Round "10.12"]
[White "Saravana, Krishnan P."]
[Black "Krishna C R G"]
[Result "0-1"]
[ECO "B42"]
[WhiteElo "2340"]
[BlackElo "2466"]
[Annotator "TA"]
[PlyCount "79"]
[EventDate "2022.03.31"]
[EventType "swiss"]
[EventCountry "IND"]
[SourceTitle "playchess.com"]
[Source "ChessBase"]
[SourceQuality "1"]
[TimeControl "5400+30"]

1. e4 c5 2. Nf3 e6 3. d4 cxd4 4. Nxd4 a6 5. Bd3 Nf6 6. Qe2 Qb6 7. Nf3 d6 8. b3 g6 9. Bb2 Bg7 10. Nbd2 O-O 11. Nc4 Qd8 12. O-O d5 13. Nce5 Nh5 14. exd5 exd5 15. Qd2 Qc7 16. Rfe1 Bg4 17. c4 Bxf3 18. Nxf3 dxc4 19. Bxg7 Kxg7 20. Bxc4 Nc6 21. Qb2+ Kg8 22. g3 Rad8 23. Rad1 Rxd1 24. Rxd1 Qe7 25. Kg2 (25. Qc1 $5 ) 25... Nf6 26. Qc1 Rd8 27. Re1 Qd6 28. Re2 Kg7 29. Qc3 b5 30. g4 $2 (30. Rd2 $2 Qc5 31. Rc2 (31. Rxd8 $2 Nxd8 32. Qe5 Qxe5 $19) 31... bxc4 $19) (30. Be6 $1 $11 {and White stays safe.}) 30... h6 $19 (30... bxc4 31. g5 $17) 31. g5 (31. h4 {only move.} Qb4 32. Qxb4 Nxb4 33. a3 (33. g5 $2 Nh5 $19)) 31... hxg5 $19 ({Weaker is} 31... bxc4 32. Rd2 Qe7 33. Rxd8 Nxd8 34. gxf6+ Qxf6 35. Qxc4 $11) 32. Be6 $2 (32. Bxf7 {was the only chance.} Kxf7 33. Nxg5+ Kg8 34. Qg3) 32... b4 $19 33. Qe1 fxe6 34. Rxe6 Qd5 35. Rxc6 Qxc6 36. Qe7+ Kh6 37. Qxd8 g4 38. Qf8+ Kh7 39. Qf7+ {[%emt 0:00:30] [#]} Kh8 $1 ({Not} 39... Kh6 $2 40. Qf8+ Kh7 41. Qf7+ Kh8 42. Qf8+ Kh7) 40. Qf8+ 0-1

[Event "3rd Gujarat GM Open 2022"]
[Site "Ahmedabad"]
[Date "2022.04.07"]
[Round "10.13"]
[White "Sangma, Rahul"]
[Black "Neelash Saha"]
[Result "0-1"]
[ECO "A13"]
[WhiteElo "2286"]
[BlackElo "2445"]
[Annotator "TA"]
[PlyCount "168"]
[EventDate "2022.03.31"]
[EventType "swiss"]
[EventCountry "IND"]
[SourceTitle "playchess.com"]
[Source "ChessBase"]
[SourceQuality "1"]
[TimeControl "5400+30"]

1. c4 e6 2. Nf3 Nf6 3. Nc3 d5 4. e3 Be7 5. b3 c5 6. Bb2 O-O 7. d4 Nc6 8. dxc5 Bxc5 9. cxd5 Nxd5 10. Nxd5 exd5 11. a3 Bg4 12. Be2 d4 13. Bxd4 Nxd4 14. Nxd4 Bxd4 15. Qxd4 Qxd4 16. exd4 Rfe8 17. f3 Be6 18. Rb1 Rad8 19. Kf2 Rxd4 20. Rhd1 Rxd1 21. Bxd1 Rc8 22. Rb2 Kf8 23. a4 Ke7 24. b4 Rc4 25. Ke3 Kd6 26. f4 Bd5 27. g3 Rc3+ 28. Kd4 Rc1 29. Bb3 Bxb3 30. Rxb3 b6 31. Ra3 h5 32. b5 Rd1+ 33. Ke4 Rc1 34. Rd3+ Ke6 35. f5+ Kf6 36. Rd6+ Ke7 37. Rd4 Rc2 38. h4 Rc3 39. Kf4 f6 40. Re4+ Kf8 41. Rd4 Ra3 42. Rc4 Ke8 43. Rc7 Rxa4+ 44. Kf3 Kf8 45. Rb7 Kg8 46. Ke3 Kh7 47. Kf3 Kh6 48. Ke3 Ra5 49. Ke4 g6 50. fxg6 Kxg6 51. Kf4 Ra4+ 52. Kf3 Kf5 53. Rh7 Ra3+ 54. Kg2 Kg6 55. Rd7 Ra5 56. Kf3 Rxb5 57. Rxa7 Kf5 58. Re7 Rb3+ 59. Kg2 $1 b5 60. Rh7 Kg6 61. Rb7 b4 62. Rb5 Rb2+ 63. Kf3 Rb1 64. Kf2 b3 65. Kg2 (65. Kf3 $11 b2 66. Kg2) 65... f5 $17 66. Rb6+ (66. Kf2 $17) 66... Kf7 $19 67. Rb5 $2 (67. Kf2) 67... Ke6 $19 68. Kh2 Kd6 $2 (68... Rb2+ $19 69. Kh3 Rb1) 69. Rxf5 $11 Kc6 70. Rf8 $1 Kc5 71. Rc8+ Kb4 72. Rb8+ Kc3 73. Rc8+ $2 (73. g4 $11) 73... Kb2 $1 $19 74. Rc5 Rc1 $2 (74... Re1 75. Kh3 Ka3 76. Rxh5 b2) 75. Rxh5 $19 Rc4 $2 ({Better is} 75... Ka3 $19 {( -> ...b2)} 76. Rb5 b2) 76. Rb5 $2 (76. Re5 $11) 76... Kc3 $1 77. h5 b2 78. h6 Rc6 79. g4 Rxh6+ 80. Kg3 {[%emt 0:00:05] [#]} Rh1 $1 81. g5 b1=Q 82. Rxb1 Rxb1 83. Kf4 Kd4 84. Kf5 {[%emt 0:00:03] [#]} Kd5 $1 0-1

[Event "3rd Gujarat GM Open 2022"]
[Site "Ahmedabad"]
[Date "2022.04.07"]
[Round "10.14"]
[White "Liyanage, Ranindu Dilshan"]
[Black "Vignesh N R"]
[Result "1/2-1/2"]
[ECO "C54"]
[WhiteElo "2340"]
[BlackElo "2444"]
[Annotator "TA"]
[PlyCount "61"]
[EventDate "2022.03.31"]
[EventType "swiss"]
[EventCountry "IND"]
[SourceTitle "playchess.com"]
[Source "ChessBase"]
[SourceQuality "1"]
[TimeControl "5400+30"]

1. e4 e5 2. Nf3 Nc6 3. Bc4 Bc5 4. c3 Nf6 5. d4 exd4 6. cxd4 Bb4+ 7. Nbd2 d5 8. exd5 Nxd5 9. O-O O-O 10. a3 Bxd2 11. Qxd2 Bf5 12. Re1 h6 13. b4 Qd6 14. b5 Nce7 15. a4 Rfe8 16. Ba3 Qf6 17. Qe2 (17. Re5 $14 Nb6 18. Bb3) 17... Bg4 (17... Nf4 $11 18. Qe5 Ned5 19. Qxf6 (19. Qxe8+ Rxe8 20. Rxe8+ Kh7 $11) 19... Nxf6) 18. Qe5 (18. Qe4 $16 Bxf3 19. Qxf3 (19. gxf3 Nf4 $17) 19... Qxf3 20. gxf3) 18... Bxf3 $11 19. Qxf6 Nxf6 20. Rxe7 Rxe7 21. Bxe7 Bd5 22. Bxf6 Bxc4 23. Be5 c6 24. bxc6 bxc6 25. Rb1 Rd8 26. Rb8 Rxb8 27. Bxb8 a5 28. Bc7 Bb3 29. Bxa5 Bxa4 30. f3 f6 31. Kf2 1/2-1/2

[Event "3rd Gujarat GM Open 2022"]
[Site "Ahmedabad"]
[Date "2022.04.07"]
[Round "10.15"]
[White "Aradhya, Garg"]
[Black "Hesham, Abdelrahman"]
[Result "1/2-1/2"]
[ECO "B12"]
[WhiteElo "2236"]
[BlackElo "2425"]
[Annotator "TA"]
[PlyCount "183"]
[EventDate "2022.03.31"]
[EventType "swiss"]
[EventCountry "IND"]
[SourceTitle "playchess.com"]
[Source "ChessBase"]
[SourceQuality "1"]
[TimeControl "5400+30"]

1. e4 c6 2. d4 d5 3. e5 Bf5 4. h4 h5 5. Bd3 Bxd3 6. Qxd3 e6 7. Bg5 Qb6 8. Nd2 Qa6 9. c4 Ne7 10. Ngf3 Nf5 11. O-O Bb4 12. Rfc1 Bxd2 13. Qxd2 dxc4 14. b3 c3 15. Qxc3 O-O 16. a4 Nd7 17. Qc4 Qxc4 18. bxc4 f6 19. exf6 gxf6 20. Bd2 c5 21. Rcb1 cxd4 22. Rxb7 Nc5 23. Rb5 Rfc8 24. Re1 Rab8 25. a5 a6 26. Rb6 Kf7 27. Reb1 Nd7 28. Rb7 Ke8 29. c5 e5 30. c6 Rxb7 31. cxb7 Rb8 32. Kh2 Nd6 33. Bb4 Nb5 34. Rc1 Rxb7 35. Rc6 Nc7 36. Bd6 Nd5 37. Rxa6 Rb2 38. Ra8+ Kf7 39. Ra7 Ke6 40. Ra6 Kf5 41. Ra7 Nb8 42. Bxb8 Rxb8 43. a6 Rb2 44. Rd7 Ke6 45. a7 Ra2 46. Rb7 Ne7 47. Nd2 Nc8 48. g4 hxg4 49. h5 Nxa7 50. h6 Nc6 51. Ne4 f5 52. Ng5+ Kf6 53. h7 Ra8 54. Nf7 d3 55. h8=Q+ Rxh8+ 56. Nxh8 d2 57. Rb1 Nd4 58. Kg2 Kg7 59. Kf1 Kxh8 60. Rd1 Nf3 61. Ke2 Kg7 62. Ra1 Kf6 63. Ra8 Kg5 64. Rd8 Kf4 65. Rg8 Ng1+ 66. Kxd2 Kf3 67. Rg5 f4 68. Ke1 Nh3 69. Rxe5 Nxf2 70. Kf1 Kg3 71. Re2 Nh3 72. Rg2+ Kh4 73. Ra2 f3 74. Ra4 Kg3 75. Ra2 Ng5 76. Ra4 Ne6 77. Re4 Ng7 78. Re5 Kf4 79. Ra5 Nf5 80. Ra4+ Kg3 81. Ra3 Nd6 82. Ra4 Nf7 83. Ra5 $1 Kh4 84. Kf2 Ng5 85. Ra4 Kh3 86. Rf4 g3+ 87. Kg1 $1 g2 88. Kf2 Kh2 89. Rg4 Nh3+ 90. Kxf3 g1=Q 91. Rxg1 Nxg1+ 92. Ke4 1/2-1/2

[Event "3rd Gujarat GM Open 2022"]
[Site "Ahmedabad"]
[Date "2022.04.07"]
[Round "10.16"]
[White "Satvik Sharma"]
[Black "Gusain, Himal"]
[Result "0-1"]
[ECO "A80"]
[WhiteElo "1753"]
[BlackElo "2408"]
[Annotator "TA"]
[PlyCount "64"]
[EventDate "2022.03.31"]
[EventType "swiss"]
[EventCountry "IND"]
[SourceTitle "playchess.com"]
[Source "ChessBase"]
[SourceQuality "1"]
[TimeControl "5400+30"]

1. d4 f5 2. Bf4 Nf6 3. e3 d6 4. h3 g6 5. Nc3 Bg7 {[%emt 0:00:27] [#]} 6. g4 $146 {[%emt 0:00:51] A80: Dutch Defence: Unusual White second moves.} ({Predecessor:} 6. Bc4 e6 7. Nf3 O-O 8. O-O Kh8 9. Bh2 Qe7 10. Re1 Ne4 11. Bd3 d5 12. Ne2 {0-1 (45) Boe,M (2321)-Kobalia,M (2628) Tallinn 2016}) 6... fxg4 7. hxg4 Bxg4 8. Qd2 {[%emt 0:00:44] The position is equal.} Nh5 9. Bg5 Bf6 10. Bh6 Nc6 11. f3 Bd7 ({Don't play} 11... Ng3 {[#]} 12. fxg4 $1 Nxh1 13. Qh2 $16 (13. g5 Ng3 $16)) 12. Nge2 {[%emt 0:01:58] Inhibits Ng3.} e6 13. Bh3 (13. O-O-O $1 $11 {keeps the balance.}) 13... Bh4+ $17 14. Kd1 Bg5 $1 15. Bxg5 Qxg5 16. d5 exd5 {[%emt 0:01:24] Hoping for ...Bxh3.} 17. Bxd7+ Kxd7 18. Nxd5 $2 {[%emt 0:00:13] [#] Loses the game.} (18. f4 $17 {was called for.} Qf6 19. Qxd5) 18... Qg2 $1 $19 19. Rg1 Qxf3 20. Kc1 Nf6 21. c4 Raf8 {[%emt 0:05:10][%cal Ba8f8,Bf8f5,Bf5e5,Be5e3,Be3f3,Bf3f4,Bf4d4,Bd4d5][%mdl 32] And now ...Ne4 would win.} 22. b3 Nxd5 23. cxd5 Ne7 24. Nf4 Rf5 25. Qd4 Re5 26. Qa4+ Kc8 27. Qxa7 (27. Kb2 $142 Qxe3 28. Rac1) 27... Qxe3+ 28. Qxe3 Rxe3 29. Kd2 Rf3 30. Rae1 Rxf4 31. Rxe7 Rd4+ 32. Ke3 Rxd5 {[%emt 1:10:08] Weighted Error Value: White=0.48/Black=0.24 (precise)} 0-1

[Event "3rd Gujarat GM Open 2022"]
[Site "Ahmedabad"]
[Date "2022.04.07"]
[Round "10.17"]
[White "Viani Antonio Dcunha"]
[Black "Aaryan Varshney"]
[Result "0-1"]
[ECO "B90"]
[WhiteElo "2397"]
[BlackElo "2277"]
[Annotator "TA"]
[PlyCount "120"]
[EventDate "2022.03.31"]
[EventType "swiss"]
[EventCountry "IND"]
[SourceTitle "playchess.com"]
[Source "ChessBase"]
[SourceQuality "1"]
[TimeControl "5400+30"]

1. e4 c5 2. Nf3 d6 3. d4 cxd4 4. Nxd4 Nf6 5. Nc3 a6 6. Be3 e5 7. Nb3 Be6 8. f3 Be7 9. Qd2 O-O 10. O-O-O Nbd7 11. g4 b5 12. g5 Nh5 13. Nd5 Bxd5 14. exd5 f6 15. g6 hxg6 16. Na5 f5 17. Nc6 Qe8 18. Rg1 Kh7 19. Kb1 Bd8 20. Qb4 Bb6 21. Bxb6 Nxb6 22. c4 Nxc4 23. Bxc4 bxc4 24. Qxd6 e4 25. Rge1 Nf6 26. Re3 f4 27. Ree1 g5 28. h4 g4 29. Qxf4 gxf3 30. Ne5 Qh5 31. Nxc4 Rae8 32. Ne3 Qe5 33. Qxe5 Rxe5 34. Kc2 Rc8+ 35. Kb3 Nd7 36. Rc1 Ree8 37. Rc4 {[%emt 0:01:21] [#]} Nf6 (37... Ne5 $1 $19 {[%cal Re5c4] and Black stays clearly on top.} 38. Rxc8 (38. Rxe4 $2 Nd3 $19) 38... Rxc8) 38. Kc3 $17 Rcd8 39. Rc5 Nh5 40. Kd4 Nf4 41. b4 $2 (41. Rc2 $17 {was the crucial defense.}) 41... f2 $19 42. Rf1 Ne2+ 43. Kc4 Rf8 44. Ng4 Rf3 45. d6 Rxd6 46. Rh5+ Kg8 47. Kc5 Rdf6 48. Re5 Ng3 49. Rxf2 Rxf2 50. Nxf2 Rxf2 51. a4 Rf5 52. Rxf5 Nxf5 53. b5 axb5 54. axb5 e3 55. b6 e2 56. b7 e1=Q 57. b8=Q+ Kh7 58. h5 Qc3+ 59. Kd5 Qd4+ 60. Ke6 Qe4+ 0-1

[Event "3rd Gujarat GM Open 2022"]
[Site "Ahmedabad"]
[Date "2022.04.07"]
[Round "10.18"]
[White "Rajesh, V A V"]
[Black "Sahib Singh"]
[Result "1/2-1/2"]
[ECO "D36"]
[WhiteElo "2376"]
[BlackElo "1792"]
[Annotator "TA"]
[PlyCount "135"]
[EventDate "2022.03.31"]
[EventType "swiss"]
[EventCountry "IND"]
[SourceTitle "playchess.com"]
[Source "ChessBase"]
[SourceQuality "1"]
[TimeControl "5400+30"]

1. d4 d5 2. c4 e6 3. Nc3 Nf6 4. cxd5 exd5 5. Bg5 c6 6. Qc2 Be7 7. e3 h6 8. Bh4 Nbd7 9. Bd3 Nh5 10. Bxe7 Qxe7 11. Nge2 Nb6 12. O-O O-O 13. Rae1 Nf6 14. Ng3 Be6 15. Nce2 h5 16. Nf4 h4 17. Nxe6 fxe6 18. Ne2 e5 19. dxe5 Qxe5 20. Nf4 Rfe8 21. Bg6 Re7 22. Bf5 Qd6 23. Ng6 Ree8 24. Nxh4 Qb4 25. Nf3 Nc4 26. b3 Nd6 27. Bg6 Re7 28. Rd1 Nfe4 29. Rd4 Qa5 30. Nd2 Nf6 31. Rh4 Nf7 32. Nf3 Qc7 33. Qf5 Qc8 34. Bxf7+ Rxf7 35. Qxc8+ Rxc8 36. Ne5 Re7 37. f4 Nd7 38. Nxd7 (38. Ng6 {seems wilder.} Ree8 39. Re1 Kf7 40. Rg4) 38... Rxd7 39. Rd1 c5 40. Rh5 Rcd8 (40... d4 $142) 41. Kf2 $16 b5 42. Ke2 c4 43. bxc4 bxc4 44. g3 Rb8 (44... d4 {was called for.}) 45. Rd2 ({Much less strong is} 45. Rhxd5 Rxd5 46. Rxd5 Rb2+ 47. Kf3 Rxa2 $18) 45... Rb5 46. Rc2 (46. Re5 $18) 46... a6 ({Black should play} 46... Ra5) 47. Re5 $16 Rdb7 (47... Rb4 $16 48. Rd2 c3) 48. Kd2 Kf7 49. Kc3 $2 ({Better is} 49. a4 $18 Rc5 50. e4) 49... Ra5 $1 $14 50. Kd2 (50. e4 $14 Ra3+ 51. Kd2) 50... Rbb5 (50... Rab5 $11) 51. e4 (51. Rf5+ $16 Kg6 52. g4) 51... d4 $1 $14 52. Rxc4 (52. Rf5+ $5 Rxf5 53. exf5 $14) 52... Rxa2+ 53. Kd3 Rxe5 54. fxe5 Rxh2 55. Rc6 Rg2 56. Rc7+ Ke6 57. Kxd4 Rxg3 58. Rc6+ Ke7 59. Rxa6 Rg1 60. e6 Rg5 61. e5 Rg1 62. Ke4 Re1+ 63. Kf5 Rf1+ 64. Kg5 Rg1+ 65. Kf5 Rf1+ 66. Kg5 Rg1+ 67. Kf5 Rf1+ 68. Ke4 1/2-1/2